AoeStats
← Chiripa605

Lombardia

509612857Analyzed
4v4 RM · 3d ago on Sep 27, 2026· 15m 39s· 8 players
Game mode
Random Map
Map size
Large (8 player)
Population
200
Speed
Normal
Resources
Standard
Victory
Conquest
Starting age
Dark Age
Ending age
Imperial Age
RankedLock teamsTeams togetherTeam positionsShared explorationLock speedFull tech treeHidden civsTurbo modeCheats
Victory
Defeat
🇨🇿 Saxons · Czechia
1454
+13
🇺🇸 Hindustanis · United States
1393
+15
🇨🇳 Tatars · China
1381
+15
🇳🇱 Khmer · Netherlands
1300
+19
🇹🇼 Varangians · Taiwan
1583
-24
🇹🇼 Persians · Taiwan
1371
-15
🇹🇼 Magyars · Taiwan
1304
-13
🇹🇼 Poles · Taiwan
1225
-10
wildanimal
7:14 Loom
9:23 Feudal Age
10:00 Double-Bit Axe
12:29 Forging
13:27 Horse Collar
14:27 Bloodlines
你失智多年的老杯
10:50 Feudal Age
9:08 Loom
10:53 Feudal Age
15:41 Castle Age
14:04 Double-Bit Axe
友善牛牛
6:43 Loom
9:16 Feudal Age
11:43 Double-Bit Axe
13:42 Horse Collar
SKYRIM
11:07 Feudal Age
15:56 Castle Age
14:44 Double-Bit Axe
14:43 Horse Collar
Chiripa605
7:06 Loom
10:49 Feudal Age
11:20 Double-Bit Axe
13:26 Wheelbarrow
15:11 Horse Collar
Rakosnik
7:02 Loom
11:48 Feudal Age
16:22 Castle Age
15:35 Double-Bit Axe
很蓝的啦
7:31 Loom
9:30 Feudal Age
11:05 Double-Bit Axe
11:03 Horse Collar
RogerV
11:09 Feudal Age
14:00 Castle Age
13:04 Double-Bit Axe
13:51 Loom
15:08 Bow Saw
Connection lost

Rejoining the realm…

Still unreachable

The connection could not be restored.

Session expired

The server has moved on; the page needs a fresh start.